Map: Pillars of Gold LE

Players

Stats - Winner!

  • Race: Protoss Protoss
  • Spawn Location: 1:00

Reynor

  • Race: Zerg Zerg
  • League: Master
  • Spawn Location: 7:00

Event: DreamHack SC2 Masters 2020 Fall

VOD

Have the link to the VOD?

Description

Time

  • Played on: Sept. 16, 2020, 11:35 a.m.
  • Length: 24:10

All games in this series

Show
View Real Time Build Order
Export as new Build Order

Stats Protoss - Winner!

Build Orders: 1 Gate Expand, Oracle Opening, Archon Immortal, Carriers 

Get SALT Encoding   

  12  0:00  Probe  
  13  0:14  Pylon  
  13  0:18  Probe (Chrono Boost)  
  14  0:27  Probe (Chrono Boost)  
  15  0:32  Probe  
  16  0:41  Gateway  
  16  0:44  Probe  
  17  0:50  Assimilator  
  17  0:56  Probe  
  18  1:02  Pylon  
  18  1:08  Probe  
  19  1:20  Probe  
  20  1:29  Nexus  
  20  1:40  Cybernetics Core  
  20  1:42  Probe  
  21  1:49  Assimilator  
  21  1:54  Probe  
  21  1:58  Pylon  
  22  2:07  Probe  
  23  2:15  Stalker (Chrono Boost)  
  23  2:16  Warp Gate  
  23  2:19  Probe  
  26  2:31  Probe (Chrono Boost)  
  26  2:36  Stargate  
  27  2:41  Adept  
  27  2:42  Probe (Chrono Boost)  
  31  2:44  Probe (Chrono Boost)  
  32  2:52  Probe x2 (Chrono Boost)  
  32  2:57  Probe (Chrono Boost)  
  33  2:58  Probe  
  35  3:08  Gateway  
  35  3:12  Probe x2  
  37  3:18  Oracle (Chrono Boost), Adept  
  39  3:24  Probe  
  39  3:25  Probe  
  44  3:29  Pylon  
  44  3:36  Probe  
  44  3:37  Probe  
  44  3:41  Pylon  
  46  3:45  Oracle (Chrono Boost)  
  49  3:48  Probe  
  49  3:49  Probe  
  49  3:54  Assimilator  
  51  4:00  Probe  
  51  4:01  Probe  
  53  4:02  Assimilator  
  53  4:06  Adept x2  
  53  4:09  Pylon  
  57  4:17  Probe x2  
  59  4:19  Pylon  
  59  4:30  Probe x2  
  61  4:33  Sentry x2  
  65  4:43  Probe x2  
  60  4:46  Nexus  
  60  4:48  Pylon  
  60  4:53  Robotics Facility  
  60  4:57  Probe x2  
  62  5:04  Forge  
  62  5:05  Twilight Council  
  62  5:09  Shield Battery, Probe  
  62  5:10  Probe  
  64  5:19  Gateway  
  64  5:21  Gateway  
  64  5:23  Probe x2  
  66  5:35  Probe x2  
  67  5:40  Pylon  
  68  5:44  Warp Prism  
  68  5:47  Protoss Ground Weapons Level 1 (Chrono Boost), Probe x2  
  68  5:48  Charge  
  68  5:49  Templar Archives  
  72  5:58  Probe  
  72  5:59  Probe  
  72  6:00  Probe  
  75  6:04  Assimilator  
  75  6:06  Assimilator  
  75  6:10  Probe  
  76  6:11  Probe  
  76  6:12  Probe  
  76  6:15  Gateway x2  
  76  6:17  Pylon  
  78  6:22  Probe  
  78  6:24  Probe x2  
  81  6:26  High Templar x4  
  81  6:29  Photon Cannon  
  81  6:31  Archon  
  81  6:32  Archon  
  89  6:36  Probe x3  
  92  6:41  Gateway  
  92  6:42  Gateway  
  92  6:46  Observer (Chrono Boost)  
  93  6:51  Photon Cannon  
  93  6:52  Pylon  
  93  6:53  Pylon  
  93  6:58  Zealot x2  
  93  6:59  High Templar x2  
  101  7:01  Psionic Storm  
  101  7:11  Immortal (Chrono Boost)  
  105  7:23  Nexus  
  105  7:25  Pylon  
  105  7:29  Pylon  
  105  7:30  High Templar x2  
  105  7:31  Photon Cannon  
  105  7:33  Photon Cannon  
  105  7:34  Photon Cannon  
  109  7:40  Immortal (Chrono Boost)  
  113  7:49  Zealot x5  
  122  8:09  Immortal (Chrono Boost)  
  122  8:12  Nexus  
  126  8:14  Protoss Ground Weapons Level 2 (Chrono Boost)  
  126  8:15  Shield Battery  
  126  8:17  High Templar x2, Shield Battery  
  126  8:19  Shield Battery  
  130  8:22  Photon Cannon  
  130  8:23  Photon Cannon  
  130  8:24  Photon Cannon  
  130  8:25  Stalker  
  132  8:30  Shield Battery  
  132  8:33  Shield Battery  
  132  8:38  Photon Cannon  
  132  8:44  Immortal (Chrono Boost)  
  136  8:56  Probe x3  
  139  9:03  Assimilator  
  139  9:06  Fleet Beacon  
  139  9:08  Assimilator, Probe x3, Stargate  
  142  9:10  Stargate  
  142  9:16  Photon Cannon  
  142  9:17  Zealot x2  
  146  9:26  Protoss Air Weapons Level 1  
  147  9:31  Probe x4  
  150  9:42  Pylon  
  150  9:45  Pylon  
  150  9:46  Pylon  
  150  9:47  Pylon  
  148  10:01  Shield Battery  
  148  10:02  Mothership  
  148  10:03  Carrier x3 (Chrono Boost)  
  166  10:21  Shield Battery  
  166  10:23  Protoss Ground Weapons Level 3  
  166  10:34  Cybernetics Core  
  166  10:49  Carrier x3 (Chrono Boost)  
  184  11:05  Blink  
  184  11:09  Gateway  
  184  11:10  Gateway  
  184  11:31  Pylon  
  184  11:33  Observer (Chrono Boost)  
  184  11:37  Nexus  
  185  11:41  Pylon  
  185  11:53  Carrier (Chrono Boost)  
  196  12:03  Carrier (Chrono Boost)  
  190  12:09  Nexus  
  190  12:12  Photon Cannon  
  190  12:13  Carrier (Chrono Boost), Photon Cannon  
  190  12:15  Photon Cannon  
  190  12:17  Photon Cannon  
  190  12:19  Photon Cannon  
  190  12:20  Shield Battery  
  196  12:23  Protoss Air Weapons Level 2 (Chrono Boost), Shield Battery  
  196  12:25  Shield Battery  
  196  12:27  Shield Battery  
  196  12:31  Assimilator, Protoss Air Armor Level 1 (Chrono Boost)  
  196  12:34  Assimilator  
  196  12:47  High Templar x2  
  198  13:10  Carrier (Chrono Boost)  
  196  13:20  Carrier (Chrono Boost)  
  196  13:21  Protoss Shields Level 1  
  196  13:35  Carrier (Chrono Boost)  
  193  13:45  Photon Cannon  
  193  13:46  Photon Cannon  
  193  13:48  Photon Cannon  
  193  13:51  Photon Cannon  
  167  13:57  Shield Battery  
  167  13:58  Shield Battery  
  167  14:02  Archon x2  
  155  14:04  Stalker x7  
  155  14:05  Stalker  
  155  14:07  Oracle  
  155  14:09  Mothership  
  161  14:17  Carrier  
  175  14:27  High Templar x4  
  183  14:32  Carrier (Chrono Boost)  
  188  14:45  Observer (Chrono Boost), Carrier (Chrono Boost)  
  195  14:59  Zealot x4  
  182  15:23  Carrier (Chrono Boost)  
  168  15:31  Carrier (Chrono Boost)  
  168  15:33  Protoss Shields Level 2  
  178  15:38  Observer (Chrono Boost)  
  178  15:41  Zealot x4  
  178  15:42  Zealot x4  
  195  15:44  Zealot x2  
  199  15:50  Protoss Air Armor Level 2  
  199  15:55  Protoss Air Weapons Level 3  
  199  16:30  Nexus  
  199  16:32  Pylon  
  193  16:36  Pylon  
  193  16:37  Observer (Chrono Boost)  
  172  17:00  Archon x2  
  172  17:01  High Templar x4  
  154  17:02  Zealot x4, High Templar x2, Observer  
  154  17:03  Carrier x3  
  154  17:04  Mothership  
  154  17:06  Archon  
  154  17:07  Archon x2  
  151  17:36  Stalker x2  
  151  17:37  Stalker x4  
  151  17:47  High Templar  
  151  17:55  Assimilator  
  151  17:58  High Templar x2  
  151  17:59  Assimilator  
  151  18:03  Shield Battery  
  155  18:06  Shield Battery  
  155  18:07  Carrier x2  
  155  18:08  Shield Battery  
  155  18:10  Photon Cannon  
  155  18:11  Photon Cannon  
  167  18:13  Photon Cannon  
  166  18:20  Stalker x3  
  166  18:21  Stalker x2  
  174  18:45  Carrier (Chrono Boost)  
  165  19:08  Carrier (Chrono Boost)  
  171  19:23  Carrier (Chrono Boost)  
  177  19:45  Carrier  
  167  20:09  Carrier  
  172  20:14  Zealot x7  
  164  20:31  Carrier  
  166  20:43  Nexus  
  162  21:12  Archon x2  
  162  21:17  Carrier x2  
  154  21:37  Assimilator  
  154  21:41  Pylon  
  154  21:48  Observer  
  155  21:56  Nexus  
  155  22:00  Zealot x6  
  147  22:51  High Templar  
  147  22:52  High Templar x3  
  155  23:03  Pylon  
  155  23:05  Assimilator  
  155  23:15  Probe x4  
  165  23:34  Pylon  
  165  23:37  Observer  
Show
View Real Time Build Order
Export as new Build Order

Reynor Zerg 

Build Orders: Hatch First, Lurkers, Roach Hydra 

Get SALT Encoding   

  12  0:00  Drone  
  13  0:12  Overlord  
  13  0:17  Drone  
  14  0:31  Drone  
  15  0:47  Drone x2  
  17  0:53  Drone  
  18  0:58  Hatchery  
  18  1:02  Drone  
  18  1:06  Extractor  
  17  1:17  Spawning Pool  
  16  1:20  Drone  
  16  1:24  Drone  
  18  1:30  Drone  
  19  1:41  Drone  
  20  1:52  Overlord  
  20  2:04  Queen  
  22  2:09  Drone, Queen  
  22  2:10  Drone  
  22  2:14  Zergling x2  
  22  2:15  Metabolic Boost  
  27  2:21  Drone  
  28  2:25  Drone  
  29  2:31  Zergling x2  
  29  2:35  Drone  
  31  2:45  Drone, Hatchery  
  31  2:49  Drone  
  32  2:53  Drone  
  32  2:56  Overlord  
  33  3:01  Queen  
  33  3:04  Drone  
  36  3:16  Drone x5  
  41  3:20  Overlord  
  41  3:25  Drone  
  42  3:31  Drone, Spore Crawler  
  42  3:35  Drone  
  43  3:41  Drone  
  43  3:42  Queen  
  43  3:47  Overlord  
  46  3:51  Drone  
  46  3:52  Drone  
  48  3:55  Queen  
  48  3:56  Drone x2  
  48  3:57  Drone x2  
  48  4:02  Spore Crawler  
  53  4:05  Overlord  
  53  4:07  Drone x2  
  55  4:12  Spore Crawler  
  55  4:15  Zergling x6  
  58  4:17  Drone  
  58  4:23  Overlord  
  58  4:24  Drone x2  
  58  4:25  Drone x2  
  58  4:30  Drone  
  63  4:32  Drone  
  63  4:33  Drone  
  63  4:40  Drone  
  63  4:41  Drone  
  63  4:43  Drone  
  63  4:44  Drone  
  66  4:46  Drone x2  
  66  4:47  Lair  
  66  4:50  Roach Warren  
  67  4:54  Drone x2  
  67  4:56  Drone  
  67  4:57  Queen  
  72  5:02  Evolution Chamber  
  72  5:03  Drone x2, Extractor  
  71  5:09  Drone  
  71  5:11  Extractor, Overlord  
  71  5:14  Drone x3  
  74  5:27  Drone  
  74  5:29  Overlord  
  74  5:30  Drone x3, Extractor  
  74  5:33  Drone x3  
  74  5:34  Zerg Missile Weapons Level 1  
  79  5:37  Extractor  
  79  5:41  Drone x2  
  80  5:43  Drone x2  
  80  5:44  Overlord  
  80  5:45  Extractor  
  80  5:47  Drone x2  
  80  5:48  Drone  
  84  5:50  Drone  
  84  5:51  Hatchery  
  84  5:52  Glial Reconstitution  
  84  5:54  Overlord  
  84  5:55  Pneumatized Carapace  
  84  5:57  Drone x2  
  84  6:01  Overseer  
  86  6:08  Drone x3  
  88  6:11  Overlord  
  88  6:13  Drone x6  
  88  6:14  Drone x2  
  88  6:16  Drone  
  88  6:18  Overlord  
  97  6:20  Drone  
  98  6:30  Roach x3  
  104  6:37  Roach  
  104  6:39  Roach  
  108  6:41  Roach x6, Extractor  
  108  6:42  Overlord  
  108  6:43  Extractor  
  118  6:47  Overlord  
  118  6:49  Spore Crawler  
  118  6:51  Roach  
  119  6:55  Hydralisk Den  
  119  6:56  Roach  
  119  6:59  Overlord  
  124  7:01  Roach x2  
  124  7:07  Drone x4  
  127  7:13  Roach x4  
  127  7:15  Drone x4  
  139  7:16  Drone  
  139  7:19  Drone  
  139  7:22  Evolution Chamber  
  138  7:23  Infestation Pit  
  138  7:24  Drone  
  138  7:25  Drone x3  
  138  7:29  Zerg Missile Weapons Level 2, Overlord  
  141  7:39  Hydralisk x5  
  141  7:42  Overlord  
  141  7:43  Overlord  
  151  7:48  Hydralisk x2  
  151  7:49  Hydralisk x2  
  151  7:50  Muscular Augments  
  159  7:53  Hatchery  
  159  7:56  Overlord  
  158  8:00  Drone x2  
  158  8:01  Hydralisk x4, Zerg Ground Armor Level 1  
  162  8:19  Drone x11  
  173  8:23  Hive  
  173  8:24  Hydralisk x3  
  173  8:25  Spire  
  173  8:27  Lurker Den  
  178  8:29  Hydralisk  
  178  8:30  Hydralisk x2  
  184  8:36  Overlord x3  
  184  8:41  Overseer  
  184  8:45  Drone, Spine Crawler  
  184  8:55  Overlord  
  184  8:57  Hatchery  
  184  9:01  Grooved Spines  
  183  9:04  Hydralisk x8  
  183  9:05  Queen, Extractor  
  183  9:07  Extractor  
  183  9:09  Spore Crawler  
  198  9:10  Spine Crawler  
  198  9:11  Spine Crawler  
  198  9:12  Spine Crawler  
  195  9:18  Roach x2  
  199  9:34  Lurker x3  
  199  9:35  Seismic Spines  
  199  9:37  Spire  
  199  9:38  Spire  
  199  9:45  Queen  
  200  9:58  Spine Crawler x2  
  200  9:59  Spine Crawler  
  197  10:04  Zerg Ground Armor Level 2, Zerg Missile Weapons Level 3  
  198  10:09  Spine Crawler  
  198  10:11  Spine Crawler  
  198  10:12  Drone x2  
  198  10:13  Drone x2  
  198  10:14  Drone  
  200  10:16  Drone  
  200  10:20  Drone  
  200  10:27  Spore Crawler  
  200  10:28  Spine Crawler  
  198  10:29  Drone x2  
  198  10:32  Adaptive Talons  
  198  10:33  Extractor  
  198  10:35  Drone x3, Extractor, Spine Crawler, Spore Crawler  
  198  10:36  Spine Crawler x2  
  198  10:37  Drone x3, Spine Crawler  
  198  10:38  Drone  
  194  10:59  Zerg Flyer Armor Level 1, Zerg Flyer Weapons Level 1  
  194  11:00  Drone x3  
  194  11:02  Spine Crawler  
  194  11:03  Spine Crawler  
  195  11:08  Lurker x2  
  195  11:09  Lurker x3  
  200  11:23  Viper x2  
  198  11:31  Spore Crawler  
  197  11:33  Spore Crawler x2  
  197  11:34  Spore Crawler  
  194  11:41  Spore Crawler x3  
  194  11:42  Spore Crawler x2  
  194  11:43  Spore Crawler  
  194  11:45  Spore Crawler  
  187  11:50  Corruptor  
  187  11:51  Corruptor x5  
  197  11:55  Hatchery  
  197  12:00  Corruptor x13  
  200  12:02  Spore Crawler  
  200  12:03  Spore Crawler  
  200  12:05  Spore Crawler x2  
  200  12:08  Corruptor x3  
  200  12:23  Overseer  
  200  12:24  Overseer x3  
  198  13:15  Overseer  
  198  13:16  Overseer x3  
  198  13:19  Drone x10  
  200  13:22  Overseer  
  200  13:28  Zerg Flyer Weapons Level 2, Zerg Flyer Armor Level 2  
  197  13:53  Overlord x3  
  157  14:08  Hydralisk x8  
  165  14:10  Overlord x4  
  165  14:11  Overlord  
  165  14:16  Hydralisk x9  
  163  14:18  Roach x5  
  163  14:19  Roach  
  163  14:23  Drone  
  194  14:24  Drone x2  
  194  14:25  Drone, Overlord  
  191  14:38  Corruptor x7  
  185  14:44  Drone  
  185  14:45  Spine Crawler, Spore Crawler  
  198  14:56  Hydralisk x4  
  190  15:15  Overlord x3  
  181  15:25  Viper x3  
  181  15:26  Corruptor  
  181  15:27  Corruptor x12  
  176  15:29  Viper  
  176  15:30  Viper  
  176  15:31  Viper  
  176  15:33  Drone  
  178  15:38  Lurker x4  
  178  15:39  Drone  
  178  15:40  Drone x2  
  185  15:45  Roach  
  185  15:46  Roach x4  
  195  15:51  Hydralisk x2  
  199  16:03  Overseer x5  
  199  16:13  Spore Crawler  
  199  16:14  Spore Crawler  
  199  16:15  Spore Crawler  
  199  16:16  Extractor  
  195  16:22  Corruptor x2  
  192  16:33  Hydralisk x5  
  192  16:36  Drone  
  168  17:02  Hydralisk x12  
  168  17:05  Roach x6  
  200  17:14  Overlord  
  189  17:17  Overlord  
  172  17:24  Roach x2  
  172  17:29  Lurker  
  174  17:32  Overlord  
  174  17:33  Drone  
  174  17:34  Drone x3  
  174  17:35  Extractor  
  174  17:36  Lurker x10, Extractor  
  182  17:42  Hydralisk x2  
  184  17:45  Overlord  
  184  17:50  Lurker x5  
  187  17:52  Drone x3  
  190  18:07  Hatchery  
  187  18:13  Hydralisk x4  
  195  18:20  Overseer x3  
  195  18:23  Hydralisk x2  
  195  18:24  Hydralisk x2  
  195  18:26  Hydralisk  
  195  18:27  Hydralisk x4  
  190  18:33  Overlord  
  169  18:48  Corruptor  
  169  18:49  Corruptor x6  
  168  18:58  Corruptor x3  
  160  19:05  Drone x3  
  160  19:06  Drone x3  
  166  19:12  Lurker x6  
  166  19:13  Lurker  
  166  19:14  Lurker x2  
  175  19:20  Corruptor, Hatchery  
  175  19:24  Corruptor  
  176  19:27  Overseer  
  178  19:32  Corruptor  
  180  19:45  Overseer x2  
  180  19:46  Corruptor x2  
  184  19:59  Overseer x4  
  182  20:06  Corruptor x3  
  180  20:14  Drone x3  
  180  20:15  Drone x13  
  193  20:33  Corruptor x2  
  193  20:41  Drone x9  
  199  21:03  Overlord x3  
  164  21:14  Corruptor x2  
  136  21:19  Extractor  
  136  21:20  Extractor  
  136  21:21  Zergling x8  
  136  21:22  Zergling x20  
  128  21:26  Corruptor  
  128  21:31  Spore Crawler  
  123  21:38  Zergling x12  
  129  21:42  Corruptor  
  130  21:53  Spore Crawler  
  129  21:58  Spore Crawler x2  
  129  21:59  Spore Crawler  
  124  22:02  Corruptor  
  124  22:20  Corruptor  
  107  22:24  Queen x2  
  107  22:29  Zergling x12, Spore Crawler  
  110  22:30  Spore Crawler x2  
  110  22:32  Spore Crawler  
  110  22:33  Spore Crawler x3  
  110  22:35  Corruptor  
  106  22:47  Corruptor  
  106  22:50  Zergling x22  
  119  22:56  Corruptor  
  121  23:00  Corruptor  
  120  23:10  Hatchery  
  120  23:12  Corruptor  
  119  23:19  Corruptor  
  121  23:29  Hydralisk x2  
  121  23:32  Zergling x22  
  136  23:37  Corruptor  
  138  23:42  Hydralisk  
  138  23:45  Zergling x2  
  138  23:46  Zergling x6  
  138  23:48  Spore Crawler  
  143  23:49  Spore Crawler  

Tags
 
Add a new tag
Caveats
  • Supply blocks, unpowered buildings, or Contaminate may cause inaccurate times.
  • Supply counts are checked every 10 seconds.